 Dungeon Crawl Stone Soup version 0.24.0-13-gcf9b3192b9 (webtiles) character file.

Game seed: 6154489372438545453, levelgen mode: deterministic

82 Mrkan the Covered (level 4, -6/29 HPs)
             Began as a Gargoyle Fighter on Nov 5, 2019.
             Was an Initiate of Nemelex Xobeh.
             Killed by divine providence
             ... invoked by an orc priest
              (13 damage)
             ... on level 3 of the Dungeon.
             The game lasted 00:03:15 (1474 turns).

Mrkan the Covered (Gargoyle Fighter)                Turns: 1474, Time: 00:03:16

Health: -6/29      AC: 13    Str: 24    XL:     4   Next: 43%
Magic:  4/4        EV:  5    Int:  9    God:    Nemelex Xobeh [......]
Gold:   68         SH:  9    Dex: 10    Spells: 3/3 levels left

rFire    . . .     SeeInvis .   a - +0 flail
rCold    . . .     Gourm    .   c - +0 shield
rNeg     + . .     Faith    .   m - +0 chain mail (curse)
rPois    ∞         Spirit   .   (no helmet)
rElec    +         Reflect  .   (no cloak)
rCorr    .         Harm     .   (no gloves)
MR       .....                  (no boots)
Stlth    ..........             (no amulet)
HPRegen  0.09/turn              (no ring)
MPRegen  0.09/turn              (no ring)

@: mighty
A: negative energy resistance 1, electricity resistance, unbreathing,
petrification resistance, rot immunity, AC +3
a: Draw Escape, Draw Destruction, Draw Summoning, Renounce Religion


You were on level 3 of the Dungeon.
You worshipped Nemelex Xobeh.
Nemelex Xobeh was noncommittal.
You were not hungry.

You visited 1 branch of the dungeon, and saw 3 of its levels.

You collected 68 gold pieces.

Inventory:

Hand Weapons
 a - a +0 flail (weapon)
 q - a +1 great mace of venom
Armour
 b - a +0 plate armour
 c - a +0 shield (worn)
 m - a cursed +0 chain mail (worn)
Scrolls
 e - 3 scrolls of identify {unknown}
 j - a scroll of amnesia {unknown}
 n - a scroll of remove curse {unknown}
 o - a scroll of teleportation {unknown}
 p - a scroll of immolation {unknown}
Potions
 h - 2 potions of degeneration {unknown}
 i - a potion of lignification {unknown}
 k - a potion of mutation {unknown}
 l - a potion of flight {unknown}
Comestibles
 f - 3 rations
 g - 2 chunks of flesh


   Skills:
 + Level 3.8 Fighting
 * Level 3.2 Maces & Flails
 + Level 3.8 Armour
 + Level 3.8 Shields


You had 3 spell levels left.
You didn't know any spells.
Your spell library was empty.

Dungeon Overview and Level Annotations

Branches:
Dungeon (3/15)

Altars:
Nemelex Xobeh


Innate Abilities, Weirdness & Mutations

You are resistant to torment.
Your stone body is resilient. (AC +3)
You are immune to poison.
You resist negative energy. (rN+)
You are resistant to electric shocks. (rElec)
You can survive without breathing.
You are immune to petrification.
You are immune to rotting.


Message History

You closely miss the orc priest.
The orc priest is almost dead.
The orc priest hits you but does no damage.
The orc hits you but does no damage.
The orc priest hits you but does no damage.
You barely miss the orc priest.
The orc priest is almost dead.
You block the orc's attack.
An orc wizard comes into view. It is wielding a +0 dagger.
The orc priest calls down the wrath of Beogh upon you.
Pain shoots through your body!
* * * LOW HITPOINT WARNING * * *
You closely miss the orc priest.
The orc priest is almost dead.
You block the orc's attack.
An orc comes into view. It is wielding a +0 club.
The orc priest invokes the aid of Beogh against you.
Beogh smites you!
You die...
Your body disappears without a glow.

#.# #w# #.# #.# #.#
#.#
####o####w#######
..(>ooo@...<....#
####.####.###.[....
#<# #.### #.. .#
####


You could see a worm, an orc priest, an orc wizard and 2 orcs.

Vanquished Creatures
  2 adders (D:2)
  A gnoll (D:1)
  A worm (D:2)
  A dart slug (D:2)
  3 leopard geckos
  An orc (D:2)
  3 giant cockroaches (D:2)
  5 goblins
  6 hobgoblins
  3 jackals
  A quokka (D:2)
  5 bats
  3 frilled lizards
  3 kobolds
  6 rats
44 creatures vanquished.

Notes
Turn   | Place    | Note
-------+----------+-------------------------------------------
     0 | D:1      | Mrkan the Gargoyle Fighter began the quest for the Orb.
     0 | D:1      | Reached XP level 1. HP: 14/14 MP: 1/1
    41 | D:1      | Reached XP level 2. HP: 13/19 MP: 2/2
   413 | D:1      | Reached XP level 3. HP: 22/23 MP: 3/3
   985 | D:2      | Reached XP level 4. HP: 26/29 MP: 4/4
  1150 | D:2      | Found a sparkling altar of Nemelex Xobeh.
  1247 | D:2      | Became a worshipper of Nemelex Xobeh the Trickster
  1474 | D:3      | Killed from afar by an orc priest

Levels and vault maps discovered:
D:1:      lemuel_arrival_muddy, layout_basic
D:2:      layout_rooms, nemelex_altar_shiori, first_ration,
          kennysheep_generic_room_12
D:3:      layout_loops_ring, gammafunk_temple_overflow_claw,
          grunt_decor_clamped, serial_park_tiny_2, mrwooster_statue_mirror

Skill      XL: |  1  2  3 |
---------------+----------+-----
Maces & Flails | 3 |  3.2
Fighting       | |  3.8
Armour         | |  3.8
Shields        | |  3.8

Action                   |  1- 3 |  4- 6 || total
-------------------------+-------+-------++-------
Melee: Flail             |   123 |    63 ||   186
  Use: Potion            |       |     1 ||     1
  Eat: Chunk             |       |     2 ||     2
Armor: Scale mail        |    93 |    12 ||   105
       Chain mail        |       |    20 ||    20
Dodge: Dodged            |    56 |    22 ||    78
Block: Shield            |   113 |    37 ||   150
